 Dungeon Crawl Stone Soup version 0.29.0-11-gd7f09526c8 (webtiles) character file.

Game seed: 6544663629821216874

1442 RascalDebosk the Chopper (level 8, -3/63 (70) HPs)
             Began as a Minotaur Monk on Sept 1, 2022.
             Was a Follower of Yredelemnul.
             Slain by a phantom (4 damage)
             ... on level 6 of the Dungeon on Sept 2, 2022.
             The game lasted 00:47:40 (5601 turns).

RascalDebosk the Chopper (Minotaur Monk)            Turns: 5601, Time: 00:47:42

HP:   -3/63 (70)    AC:  7    Str: 19    XL:     8   Next: 46%
MP:   9/9           EV: 10    Int:  7    God:    Yredelemnul [*.....]
Gold: 99            SH:  0    Dex: 12    Spells: 7/7 levels left

rFire   + . .      SeeInvis .   f - +1 dire flail (freeze)
rCold   . . .      Faith    .   (shield currently unavailable)
rNeg    . . .      Spirit   .   j - +0 scale mail {rF+}
rPois   .          Reflect  .   (helmet restricted)
rElec   .          Harm     .   (no cloak)
rCorr   .          Rampage  .   (no gloves)
Will    .....                   (no boots)
Stlth   ..........              k - amulet of regeneration
HPRegen 1.00/turn               (no ring)
MPRegen 0.11/turn               (no ring)

@: heavily drained
A: horns 2, retaliatory headbutt
a: Renounce Religion, Recall Undead Harvest


You were on level 6 of the Dungeon.
You worshipped Yredelemnul.
Yredelemnul was noncommittal.
You visited 2 branches of the dungeon, and saw 7 of its levels.

You collected 374 gold pieces.
You spent 275 gold pieces at shops.

Inventory:

Hand Weapons
 a - a +0 hand axe of chaos
 e - a +4 mace
 f - a +1 dire flail of freezing (weapon)
Missiles
 r - 11 boomerangs (quivered)
 u - 9 poisoned darts
Armour
 j - a +0 scale mail of fire resistance (worn)
 o - the +0 pair of boots of Tyug {rN++}
   (You found it on level 2 of the Dungeon)

   rN:        It greatly protects you from negative energy.
Jewellery
 k - an amulet of regeneration (around neck)
Wands
 d - a wand of digging (4)
 s - a wand of roots (5)
 w - a wand of paralysis (19)
Scrolls
 g - 2 scrolls of fog
 h - a scroll of vulnerability
 i - 3 scrolls of immolation
 m - a scroll of amnesia
 n - a scroll of poison
 p - 2 scrolls of brand weapon
 t - 3 scrolls of teleportation
Potions
 b - a potion of magic
 c - a potion of ambrosia
 l - a potion of mutation
 q - a potion of curing


   Skills:
 + Level 6.0 Fighting
 + Level 6.1 Axes
 * Level 4.4 Throwing
 + Level 4.7 Armour
 - Level 3.2 Dodging
 - Level 1.5 Stealth
 + Level 3.7 Invocations
 - Level 4.0 Evocations


You had 7 spell levels left.
You didn't know any spells.
Your spell library contained the following spells:

 Spells                   Type           Power      Damage    Failure   Level
 Sandblast                Erth           0%         2d4       78%         1
 Passwall                 Tmut/Erth      0%         N/A       89%         2
 Call Canine Familiar     Summ           0%         N/A       98%         3
 Inner Flame              Hex/Fire       0%         N/A       98%         3
 Portal Projectile        Hex/Tloc       0%         N/A       98%         3
 Stone Arrow              Conj/Erth      0%         3d7       98%         3
 Cause Fear               Hex            0%         N/A       100%        4
 Leda's Liquefaction      Hex/Erth       0%         N/A       100%        4
 Discord                  Hex            0%         N/A       100%        8


Dungeon Overview and Level Annotations

Branches:
Dungeon (6/15)             Temple (1/1) D:4

Altars:
Ashenzari
Dithmenos
Elyvilon
Fedhas
Gozag
Hepliaklqana
Kikubaaqudgha
Makhleb
Nemelex Xobeh
Qazlal
Ru
Uskayaw
Vehumet
Wu Jian
Yredelemnul
The Shining One


Innate Abilities, Weirdness & Mutations

You have a pair of horns on your head.
You reflexively headbutt those who attack you in melee.


Message History

The wight freezes you.
Your spectral white imp hits the phantom but does no damage.
You hit the wight but do no damage.
The wight is moderately damaged.
The wight barely misses you. x2; Your bullfrog zombie hits the phantom.
Your spectral white imp misses the phantom.
You sock the wight!
The wight is almost destroyed.
Your bullfrog zombie barely misses the phantom.
The wight hits you with a +0 scimitar!
You feel drained.
The wight hits you with the +8 dagger of Conscience {freeze, Dex+3}.
The wight freezes you.
The phantom hits you but does no damage.
The wight hits you with the +8 dagger of Conscience {freeze, Dex+3}.
The wight freezes you. The wight hits you with a +0 scimitar.
You closely miss the wight.
The wight is almost destroyed.
Your bullfrog zombie misses the phantom.
Your spectral white imp hits the phantom.
The wight misses you.
The phantom hits you but does no damage.
The wight hits you with the +8 dagger of Conscience {freeze, Dex+3}!
* * * LOW HITPOINT WARNING * * *
You feel drained.
* * * LOW HITPOINT WARNING * * *
The wight freezes you.
* * * LOW HITPOINT WARNING * * *
You hit the wight.
You destroy the wight!
Your bullfrog zombie hits the phantom.
Your spectral white imp barely misses the phantom.
The wight hits you with the +8 dagger of Conscience {freeze, Dex+3}!
* * * LOW HITPOINT WARNING * * *
You feel drained.
* * * LOW HITPOINT WARNING * * *
The wight freezes you.
* * * LOW HITPOINT WARNING * * *
The phantom hits you.
You die...
Your body rises from the dead as a mindless zombie.

...# # ####.#.# ####
#......# ..
#..###.#####...#
##............#
##..######.#####
######...# #...###
.........########...####
........................
...$..)@...#########.###
......zW........####.##
...)..ZZ[..####.......#
..!...[...<# #########
...........#
..........## .........##
##########


You could see a phantom (ally target), a wight, a friendly spectral white imp
and a friendly bullfrog zombie.

Vanquished Creatures
  Eustachio (D:4)
  A water moccasin (D:6)
  An ice beast (D:5)
  A phantom (D:4)
  A bullfrog (D:6)
  3 necrophages
  3 scorpions
  3 wights (D:6)
  2 quasits (D:4)
  3 hounds
  2 orc priests (D:4)
  2 iguanas
  An orc wizard (D:6)
  7 adders
  A shadow imp (D:3)
  2 white imps
  3 ufetubi
  2 worms
  A dart slug (D:3)
  14 orcs
  2 ball pythons (D:1)
  9 endoplasms
  4 giant cockroaches
  4 goblins
  4 hobgoblins
  5 jackals
  A quokka (D:1)
  3 bats
  A frilled lizard (D:3)
  4 kobolds (D:1)
  4 rats
95 creatures vanquished.

Vanquished Creatures (collateral kills)
  A scorpion (D:5)
1 creature vanquished.

Vanquished Creatures (others)
  A scorpion zombie (D:6)
  A human zombie (D:4)
  An adder zombie (D:5)
  2 orc zombies (D:6)
  A spectral white imp (D:4)
  A hobgoblin zombie (D:4)
  A spectral ufetubus (D:4)
  5 demonic plants (D:4)
13 creatures vanquished.

Grand Total: 109 creatures vanquished

Notes
Turn   | Place    | Note
-------+----------+-------------------------------------------
     0 | D:1      | RascalDebosk the Minotaur Monk began the quest for the Orb.
     0 | D:1      | Reached XP level 1. HP: 19/19 MP: 0/0
   138 | D:1      | Reached XP level 2. HP: 11/27 MP: 1/1
   344 | D:1      | You fall into a shaft and drop 1 floor!
   366 | D:2      | Reached skill level 1 in Armour
   552 | D:1      | Found Isuuf's Magic Scroll Boutique.
   560 | D:1      | Bought a scroll of identify for 20 gold pieces
  1097 | D:2      | Reached XP level 3. HP: 32/33 MP: 2/2
  1171 | D:1      | Bought a scroll of poison for 40 gold pieces
  1327 | D:2      | Found a faded altar of an unknown god.
  1341 | D:2      | Identified the +0 pair of boots of Tyug {rN++}
  1430 | D:2      | Reached skill level 1 in Invocations
  1430 | D:2      | Reached skill level 1 in Evocations
  1595 | D:2      | Reached skill level 1 in Throwing
  2533 | D:3      | Found a hide-covered altar of Uskayaw.
  2569 | D:3      | Found a sacrificial altar of Ru.
  2705 | D:3      | Reached XP level 4. HP: 38/40 MP: 3/3
  2949 | D:4      | Reached XP level 5. HP: 9/46 MP: 5/5
  3188 | D:4      | Noticed a phantom
  3196 | D:4      | Killed a phantom
  3253 | D:4      | Found a broken altar of Ashenzari.
  3530 | D:4      | Reached XP level 6. HP: 43/53 MP: 6/6
  3614 | D:4      | Found a staircase to the Ecumenical Temple.
  3621 | Temple   | Entered the Ecumenical Temple
  3663 | Temple   | Became a worshipper of Yredelemnul the Dark
  3663 | Temple   | Reached * piety under Yredelemnul
  3663 | Temple   | Reached ** piety under Yredelemnul
  3706 | D:4      | Noticed Eustachio
  3718 | D:4      | Killed Eustachio
  3750 | D:4      | Your ally Eustachio died
  4219 | D:4      | Upgraded the game from 0.29.0-10-g45618ea6d2 to
                  | 0.29.0-11-gd7f09526c8
  4293 | D:5      | Entered Level 5 of the Dungeon
  4298 | D:5      | Reached skill level 5 in Axes
  4298 | D:5      | Noticed an ice beast
  4304 | D:5      | Killed an ice beast
  4305 | D:5      | Reached skill level 5 in Fighting
  4305 | D:5      | Reached XP level 7. HP: 49/61 MP: 7/7
  4862 | D:5      | Found a sparkling altar of Nemelex Xobeh.
  5134 | D:6      | Reached XP level 8. HP: 44/69 MP: 9/9
  5263 | D:6      | Identified the +8 dagger of Conscience {freeze, Dex+3}
  5405 | D:1      | Bought a scroll of vulnerability for 40 gold pieces
  5405 | D:1      | Bought a scroll of amnesia for 40 gold pieces
  5405 | D:1      | Bought a scroll of brand weapon for 95 gold pieces
  5405 | D:1      | Bought a scroll of fog for 40 gold pieces
  5601 | D:6      | HP: 3/63 [wight/the +8 dagger of Conscience {freeze, Dex+3}
                  | (3)]
  5601 | D:6      | HP: 1/63 [wight/the +8 dagger of Conscience {freeze, Dex+3}
                  | (2)]
  5601 | D:6      | Slain by a phantom

Illustrated notes

Levels and vault maps discovered:
D:1:      matt_arrival_spirals, layout_basic, serial_shops,
          nicolae_shop_temple_entry_statues_fountains
D:2:      layout_loops_corners, shapermc_ecumenical_altar_totnotflames,
          chequers_serial_rivers_large_a, serial_bayou_pond_e
D:3:      layout_rooms, general_overflow_altar, nicolae_ru_sacrificial_ziggurat,
          minmay_cut_off
D:4:      layout_rooms, mainiacjoe_overflow_alcove_2,
          minmay_temple_entry_mini_moons, serial_demonic, serial_demonic_e,
          serial_demonic_g, serial_demonic_f, serial_demonic_c,
          kennysheep_flooded_box, kennysheep_minor_cross, uniq_eustachio
D:5:      layout_loops_cross, mainiacjoe_overflow_chevrons
D:6:      layout_rooms, mainiacjoe_overflow_alcove_4
Temple:   nicolae_temple_ecumenical_triangle

Skill      XL: |  1  2  3  4  5  6  7  8 |
---------------+-------------------------+-----
Armour         | 1 2 3 4 |  4.7
Invocations    | 1 2 3 |  3.7
Evocations     | 1 2 3 4 |  4.0
Throwing       | 1 2 3 4 |  4.4
Axes           | 4 5 6 |  6.1
Fighting       | 4 5 6 |  6.0
Dodging        | |  3.2
Stealth        | |  1.5

Action                   |  1- 3 |  4- 6 |  7- 9 || total
-------------------------+-------+-------+-------++-------
Melee: Hand axe          |    88 |    91 |    53 ||   232
       Headbutt          |    14 |    13 |    15 ||    42
       Punch             |       |     1 |       ||     1
       Mace              |       |       |    25 ||    25
       Dire flail        |       |       |    13 ||    13
Throw: Javelin           |       |     4 |       ||     4
       Boomerang         |       |     4 |     2 ||     6
Invok: Recall Undead Har |       |       |     3 ||     3
Evoke: Wand              |       |       |     1 ||     1
  Use: Scroll            |       |    14 |       ||    14
       Potion            |       |     1 |     3 ||     4
 Stab: Sleeping          |     5 |       |       ||     5
Armor: Robe              |     4 |       |       ||     4
       Ring mail         |    18 |    72 |     6 ||    96
       Scale mail        |       |       |    37 ||    37
Dodge: Dodged            |    59 |    89 |    59 ||   207
